 Dungeon Crawl Stone Soup version 0.28-a0-1513-ge4f4046303 (webtiles) character file.

Game seed: 9068143322895860830

937 Essalna the Firebug (level 7, -11/41 (46) HPs)
             Began as a Demonspawn Fire Elementalist on Jan 16, 2022.
             Mangled by a wight (14 damage)
             ... on level 4 of the Dungeon.
             The game lasted 00:10:47 (4866 turns).

Essalna the Firebug (Demonspawn Fire Elementalist)  Turns: 4866, Time: 00:10:48

HP:   -11/41 (46)   AC:  5    Str:  8    XL:     7   Next: 87%
MP:   11/23         EV: 12    Int: 19    God:
Gold: 194           SH:  0    Dex: 13    Spells: 12/15 levels left

rFire   + . .      SeeInvis .   g - staff of fire
rCold   . . .      Faith    .   k - orb {mayhem}
rNeg    . . .      Spirit   .   a - +0 robe
rPois   .          Reflect  .   q - +0 helmet
rElec   .          Harm     .   (no cloak)
rCorr   .          Rampage  .   (no gloves)
Will    .....                   (no boots)
Stlth   ++........              (no amulet)
HPRegen 0.13/turn               m - ring of magical power
MPRegen 0.18/turn               (no ring)

@: heavily drained
A: molten scales 1, foul stench 2
a: no special abilities


You were on level 4 of the Dungeon.
You visited 1 branch of the dungeon, and saw 6 of its levels.

You collected 194 gold pieces.

Inventory:

Hand Weapons
 f - a +0 dagger
Armour
 a - a +0 robe (worn)
 k - an orb of mayhem (worn)
 q - a +0 helmet (worn)
Magical Staves
 g - a staff of fire (weapon)
Jewellery
 m - a ring of magical power (left hand)
 p - a ring of ice
Scrolls
 b - a scroll of magic mapping
 d - a scroll of teleportation
 h - 3 scrolls of vulnerability {unknown}
 i - a scroll of enchant weapon {unknown}
 l - 4 scrolls of identify {unknown}
 n - 2 scrolls of amnesia {unknown}
 o - 2 scrolls of immolation {unknown}
Potions
 c - a potion of invisibility {unknown}
 e - a potion of brilliance {unknown}
 j - a potion of heal wounds {unknown}


   Skills:
 - Level 2.4 Dodging
 - Level 2.5 Stealth
 + Level 4.8 Spellcasting
 + Level 4.9 Conjurations
 + Level 5.2 Fire Magic


You had 12 spell levels left.
You knew the following spells:

 Your Spells              Type           Power      Damage    Failure   Level
a - Foxfire               Conj/Fire      100%       2x1d9     1%          1
b - Scorch                Fire           72%        2d9       2%          2

Your spell library contained the following spells:

 Spells                   Type           Power      Damage    Failure   Level
 Conjure Flame            Conj/Fire      36%        6-21      4%          3
 Inner Flame              Hex/Fire       21%        N/A       13%         3
 Flame Wave               Conj/Fire      36%        2d7       16%         4


Dungeon Overview and Level Annotations

Branches:
Dungeon (6/15)
 Temple: D:4-7

Altars:
Dithmenos


Innate Abilities, Weirdness & Mutations

You are partially covered in molten scales. (AC +2)
You sometimes emit foul miasma when damaged in melee.


Message History

The wight hits you with a +2 mace of protection!
You are too injured to fight recklessly!
You are too injured to fight recklessly!
You are too injured to fight recklessly!
Casting: Foxfire (safe; 1% risk of failure)
Confirm with . or Enter, or press ? or * to list all spells.
You feel a surge of power!
Flames lash the wight but do no damage.
The foxfire hits the wight.
The wight is almost destroyed.
The foxfire hits the wight but does no damage.
The wight is almost destroyed.
The wight misses you. x2
The wight hits you with a +2 mace of protection.
You feel drained.
Casting: Scorch (safe; 2% risk of failure)
Confirm with . or Enter, or press ? or * to list all spells.
You feel a surge of power!
Flames lash the wight.
The wight is lightly damaged.
The wight's fire resistance burns away.
The wight hits you from afar with a +0 trident!
You feel drained.
The wight hits you with a +2 short sword of freezing.
* * * LOW HITPOINT WARNING * * *
The wight freezes you.
* * * LOW HITPOINT WARNING * * *
The wight closely misses you. The wight misses you.
Casting: Scorch (safe; 2% risk of failure)
Confirm with . or Enter, or press ? or * to list all spells.
You feel a surge of power!
Flames lash the wight.
The wight is heavily damaged.
The wight's fire resistance burns away.
The wight hits you from afar with a +0 trident.
* * * LOW HITPOINT WARNING * * *
You feel drained.
The wight hits you with a +2 short sword of freezing.
* * * LOW HITPOINT WARNING * * *
The wight freezes you.
* * * LOW HITPOINT WARNING * * *
The wight hits you with a +0 battleaxe!
You die...

,,********#############+#########
*,****,,,.......................#
,,^*,*,,,.....<.................#
,,,***,,,......?................#
,,,,*,,,,,......................#
,,,,**,,***#.....#+##....#####...
,,,,***,+,,#.(...#..'....# #...
,*,,,,*,*,,#.....'..#....# #...
,*,,,,***,,#.).z@#..#....# #...
,**,**^**,,#...zz#..#....# #...
,*,***^,*<,#....z#..#....# #...
**,####,*,,#.....##.#....#####...
,,^#..#,**,#......#####..........
*,##..#,,*,#......* #..........
*,#...##*,,#......* *,.........
*##....#####......# *,....)....
,#.....#......#**** **####.....


You could see 4 wights.

Vanquished Creatures
  Edmund (D:4)
  2 ice beasts (D:5)
  3 ogres
  A scorpion (D:5)
  2 bullfrog skeletons
  A gnoll shaman (D:5)
  Terence (D:2)
  3 adders
  3 gnolls (D:5)
  A worm (D:3)
  9 orcs
  5 ball pythons
  4 endoplasms
  5 giant cockroaches
  8 goblins
  5 hobgoblins
  6 jackals (D:1)
  7 kobolds
  4 quokkas
  5 bats
  8 frilled lizards
  3 rats
87 creatures vanquished.

Vanquished Creatures (collateral kills)
  An orc priest (D:4)
  An orc wizard (D:4)
  A dart slug (D:3)
  3 orcs (D:4)
  2 frilled lizards (D:3)
  7 foxfires (D:3)
15 creatures vanquished.

Vanquished Creatures (others)
  318 foxfires
  A fungus (D:1)
  3 plants (D:3)
322 creatures vanquished.

Grand Total: 424 creatures vanquished

Notes
Turn   | Place    | Note
-------+----------+-------------------------------------------
     0 | D:1      | Essalna the Demonspawn Fire Elementalist began the quest
                  | for the Orb.
     0 | D:1      | Reached XP level 1. HP: 13/13 MP: 3/3
   256 | D:1      | Gained mutation: You are partially covered in molten
                  | scales. (AC +2) [demonic ancestry]
   256 | D:1      | Reached XP level 2. HP: 19/19 MP: 0/5
   804 | D:1      | Found a faded altar of an unknown god.
  1179 | D:2      | Gained mutation: You may rarely emit foul miasma when
                  | damaged in melee. [demonic ancestry]
  1179 | D:2      | Reached XP level 3. HP: 24/24 MP: 2/6
  1214 | D:2      | Reached skill level 3 in Fire Magic
  2120 | D:2      | Noticed Terence
  2127 | D:2      | Learned a level 2 spell: Scorch
  2132 | D:2      | Killed Terence
  2133 | D:2      | Reached XP level 4. HP: 30/30 MP: 0/7
  3487 | D:4      | Found a glowing drain.
  3514 | D:4      | You fall into a shaft and drop 2 floors!
  3514 | D:6      | Noticed an ogre
  3517 | D:6      | Killed an ogre
  3518 | D:6      | Reached XP level 5. HP: 4/35 MP: 3/9
  3810 | D:6      | Noticed an ogre
  3844 | D:5      | Entered Level 5 of the Dungeon
  4143 | D:5      | Noticed an ice beast
  4157 | D:5      | Killed an ice beast
  4158 | D:5      | Reached skill level 4 in Fire Magic
  4158 | D:5      | Gained mutation: You sometimes emit foul miasma when
                  | damaged in melee. [demonic ancestry]
  4158 | D:5      | Reached XP level 6. HP: 21/41 MP: 11/11
  4192 | D:5      | Noticed an ice beast
  4197 | D:5      | Killed an ice beast
  4208 | D:5      | Reached XP level 7. HP: 19/46 MP: 4/13
  4234 | D:4      | Found a shadowy altar of Dithmenos.
  4295 | D:4      | Noticed Edmund
  4307 | D:4      | Killed Edmund
  4308 | D:4      | Reached skill level 5 in Fire Magic
  4866 | D:4      | Mangled by a wight

Illustrated notes

Levels and vault maps discovered:
D:1:      dpeg_arrival_tiny_i, layout_rooms,
          shapermc_ecumenical_altar_hornbeckon, minmay_misc_feat_alley
D:2:      layout_basic, amcnicky_mini_rare_corridor_liquid, uniq_terence
D:3:      layout_loops_corners, minmay_lizard_king
D:4:      old_forge, layout_gridville, nicolae_overflow_crystal_walls,
          gup_sewer_entry_glass, uniq_edmund
D:5:      layout_loops_ring, uniq_prince_ribbit1
D:6:      layout_rooms, minmay_temple_entry_slanted, minmay_shop_mayhem

Skill      XL: |  1  2  3  4  5  6  7 |
---------------+----------------------+-----
Stealth        | 2 |  2.5
Dodging        | 2 |  2.4
Fire Magic     | 3 4 5 |  5.2
Conjurations   | 2 3 4 |  4.9
Spellcasting   | 3 4 |  4.8

Action                   |  1- 3 |  4- 6 |  7- 9 || total
-------------------------+-------+-------+-------++-------
Melee: Unarmed           |    23 |       |       ||    23
       Staff             |    31 |    37 |     3 ||    71
 Cast: Foxfire           |    78 |    71 |    50 ||   199
       Scorch            |     3 |     8 |     5 ||    16
  Use: Scroll            |       |       |     2 ||     2
 Stab: Sleeping          |       |     2 |       ||     2
       Distracted        |       |     1 |       ||     1
Armor: Robe              |    35 |    30 |     1 ||    66
Dodge: Dodged            |    36 |    46 |    11 ||    93

Table legend: (Time is in decaauts)
 A = Elapsed time spent in this place.
 B = Non-inter-level travel time spent in this place.
 C = Inter-level travel time spent in this place.
 D = Time resting spent in this place.
 E = Time spent auto-exploring this place.
 F = Levels seen in this place.
 G = Mean time per level.
                   A        B        C        D        E       F      G
               +--------+--------+--------+--------+--------+-----+--------+
         Total |   4885 |   4671 |    214 |      0 |   3940 |   6 |  814.2 |
       Dungeon |   4885 |   4671 |    214 |      0 |   3940 |   6 |  814.2 |
               +--------+--------+--------+--------+--------+-----+--------+

Top non-repeatable levels by time:
     D:3: 1257 daAuts
     D:1: 1175 daAuts
     D:2: 1070 daAuts
     D:4: 708 daAuts
     D:5: 343 daAuts
     D:6: 330 daAuts
